 Dungeon Crawl Stone Soup version 0.30.1 (webtiles) character file.

Game seed: 16661361146305419753

187597 Peloso the Fencer (level 17, 0/165 HPs)
             Began as a Minotaur Fighter on July 13, 2023.
             Was a High Priest of Okawaru.
             Drowned by a drowned soul (13 damage)
             ... summoned by a merfolk avatar
             ... on level 2 of the Shoals.
             The game lasted 01:22:20 (27987 turns).

Peloso the Fencer (Minotaur Fighter)               Turns: 27987, Time: 01:22:21

Health: 0/165      AC: 37    Str: 28    XL:     17   Next: 88%
Magic:  16/18      EV: 14    Int:  4    God:    Okawaru [*****.]
Gold:   569        SH: 17    Dex: 18    Spells: 16/16 levels left

rFire   . . .        a - +3 double sword (holy)
rCold   . . .        U - +0 kite shield {rPois}
rNeg    + + .        C - +12 plate armour of the Blue God {Str+2}
rPois   +            J - +0 hat of Egececk {rN+ Str+2}
rElec   .            L - +1 cloak {rCorr}
rCorr   +            X - +0 pair of gloves of the Sun {rN+}
SInv    +            (no boots)
Will    ++...        x - amulet of regeneration Stlth
                     y - ring of see invisible
HPRegen 1.27/turn    B - ring of willpower
MPRegen 0.16/turn

%: no passive effects
@: heroic, mesmerised, very slow
A: horns 2, retaliatory headbutt, agile 1
a: Renounce Religion, Heroism, Finesse, Duel


You were on level 2 of the Shoals.
You worshipped Okawaru.
Okawaru was extremely pleased with you.
You visited 6 branches of the dungeon, and saw 27 of its levels.
You also visited: Ice Cave and Volcano.

You collected 2942 gold pieces.
You spent 2373 gold pieces at shops.

Inventory:

Hand Weapons
 a - a +3 double sword of holy wrath (weapon)
 b - a +4 scimitar of flaming
Armour
 d - a +1 buckler of resistance
 C - the +12 plate armour of the Blue God (worn) {Str+2}
   (You bought it in a shop on level 2 of the Orcish Mines)

   Str:       It affects your strength (+2).
 J - the +0 hat of Egececk (worn) {rN+ Str+2}
   (Okawaru gifted it to you on level 1 of the Orcish Mines)

   Str:       It affects your strength (+2).
   rN:        It protects you from negative energy.
 L - a +1 cloak of preservation (worn)
 U - a +0 kite shield of poison resistance (worn)
 X - the +0 pair of gloves of the Sun (worn) {rN+}
   (You bought it in a shop on level 2 of the Orcish Mines)

   rN:        It protects you from negative energy.
Jewellery
 c - a ring of positive energy
 g - a ring of ice
 m - a +4 ring of protection
 o - an amulet of the acrobat
 r - a ring of protection from cold
 x - an amulet of regeneration (around neck)
 y - a ring of see invisible (left hand)
 B - a ring of willpower (right hand)
Wands
 k - a wand of digging (2)
 p - a wand of light (2)
 q - a wand of roots (4)
Scrolls
 j - a scroll of enchant weapon
 l - 16 scrolls of teleportation
 n - 6 scrolls of poison
 v - a scroll of fog
 F - 3 scrolls of magic mapping
 Q - a scroll of fear
 S - 2 scrolls of immolation
 T - 10 scrolls of identify
Potions
 f - a potion of might
 h - a potion of magic
 s - 2 potions of invisibility
 t - a potion of flight
 u - a potion of brilliance
 z - 4 potions of curing
 D - 2 potions of resistance
 I - 2 potions of haste
 O - 4 potions of berserk rage
Miscellaneous
 i - a phial of floods


   Skills:
 + Level 18.3(23.3) Fighting
 + Level 20.5(25.5) Long Blades
 + Level 17.7(22.7) Armour
 + Level 5.1(10.1) Dodging
 + Level 3.2(8.2) Stealth
 + Level 18.7(23.7) Shields
 + Level 3.4 Invocations
 + Level 2.3 Evocations


You had 16 spell levels left.
You didn't know any spells.
Your spell library contained the following spells:

 Spells                   Type           Power      Damage    Failure   Level
 Sandblast                Erth           0%         2d4       93%         1
 Sting                    Tmut/Pois      0%         1d3       93%         1
 Blink                    Tloc           0%         N/A       98%         2
 Cigotuvi's Dreadful Rot  Necr/Pois/Air  0%         N/A       98%         2
 Ensorcelled Hibernation  Hex/Ice        0%         N/A       98%         2
 Lesser Beckoning         Tloc           0%         N/A       98%         2
 Momentum Strike          Conj/Tloc      0%         3d8       98%         2
 Passwall                 Tmut/Erth      0%         N/A       98%         2
 Poisonous Vapours        Pois/Air       0%         N/A       98%         2
 Gell's Gravitas          Tloc           0%         N/A       100%        3
 Ignite Poison            Fire/Tmut/Pois 0%         N/A       100%        3
 Inner Flame              Hex/Fire       0%         N/A       100%        3
 Stone Arrow              Conj/Erth      0%         3d7       100%        3
 Swiftness                Air            0%         N/A       100%        3
 Teleport Other           Tloc           0%         N/A       100%        3
 Manifold Assault         Tloc           0%         N/A       100%        4
 Olgreb's Toxic Radiance  Pois           0%         N/A       100%        4
 Alistair's Intoxication  Tmut/Pois      0%         N/A       100%        5
 Borgnjor's Vile Clutch   Necr/Erth      0%         N/A       100%        5
 Freezing Cloud           Conj/Ice/Air   0%         6-21      100%        5
 Yara's Violent Unravell  Hex/Tmut       0%         3d3       100%        5
 Dispersal                Tloc           0%         N/A       100%        6
 Eringya's Noxious Bog    Tmut/Pois      0%         N/A       100%        6
 Plasma Beam              Fire/Air       0%         2x1d11    100%        6
 Enfeeble                 Hex            0%         N/A       100%        7
 Orb of Destruction       Conj           0%         9d5       100%        7
 Storm Form               Tmut/Air       0%         N/A       100%        7
 Polar Vortex             Ice            0%         N/A       100%        9
 Summon Small Mammal      Summ           Unusable   N/A       N/A         1
 Summon Guardian Golem    Hex/Summ       Unusable   N/A       N/A         3
 Haunt                    Necr/Summ      Unusable   N/A       N/A         7
 Spellforged Servitor     Conj/Summ      Unusable   N/A       N/A         7

Dungeon Overview and Level Annotations

Branches:
Dungeon (15/15)            Temple (1/1) D:4            Lair (5/5) D:11
 Shoals (2/4) Lair:3        Snake (2/4) Lair:2        Slime (0/5) Lair:4
    Orc (2/2) D:10            Elf (0/3) Orc:2        Vaults (0/5) D:13
 Depths (0/4) D:15          IceCv (visited)         Volcano (visited)

Altars:
Cheibriados
Dithmenos
Fedhas
Hepliaklqana
Makhleb
Nemelex Xobeh
Okawaru
Ru
Sif Muna
Trog
Uskayaw
Vehumet
Wu Jian
Zin
Jiyva

Shops:
D:9 !   D:10 (   Orc:2 ([?:

Portals:
Trove: D:11 (give +5 demon blade)

Annotations:
Lair:5 Casa


Innate Abilities, Weirdness & Mutations

You have a pair of horns on your head.
You reflexively headbutt those who attack you in melee.
You are agile. (Dex +4, Str/Int -1)


Message History

You cannot move away from the merfolk avatar!
You feel better.
The merfolk avatar chants its luring song.
You feel much better.
The pull of its song draws you forwards.
You enter the shallow water.
Moving in this stuff is going to be slow.
The merfolk avatar chants its luring song.
The merfolk avatar chants its luring song.
The drowned soul returns to the deep!
The merfolk avatar chants its luring song.
Found a scroll of identify.
The drowned soul returns to the deep!
The merfolk avatar chants its luring song.
The drowned soul touches you. The drowned soul drowns you!
The drowned soul touches you. The drowned soul drowns you!
* * * LOW HITPOINT WARNING * * *
The merfolk avatar chants its luring song. x2
The merfolk avatar chants its luring song.
You gain the combat prowess of a mighty hero.
The pull of its song draws you forwards.
The drowned soul touches you. The drowned soul drowns you!
* * * LOW HITPOINT WARNING * * *
The merfolk avatar chants its luring song.
The merfolk avatar chants its luring song.
The drowned soul touches you. The drowned soul drowns you!
* * * LOW HITPOINT WARNING * * *
The merfolk avatar chants its luring song.
You closely miss the merfolk avatar. You headbutt the merfolk avatar.
The merfolk avatar is lightly wounded.
You block the drowned soul's attack.
Unknown command.
You slash the merfolk avatar! You headbutt the merfolk avatar.
The merfolk avatar is moderately wounded.
The merfolk avatar chants its luring song.
Unknown command.
Your unstable footing causes you to fumble your attack.
The drowned soul touches you. The drowned soul drowns you!
* * * LOW HITPOINT WARNING * * *
The drowned soul touches you. The drowned soul drowns you!
You die...

~~~~~~~....)~~~~........
~~~~~~~~....~~~~~~......
~~~~~~~~~.†~~~~~~~~~~~~.
≈~~~~~~~~~.~~~~~~~~~~~~~
~~~~~~~~~~~~~~~~~~~~~~
~~~~~~~~~~~~~~~~~~~~≈~
≈~~~~~~~~~~~~~~~~~~W≈≈
≈≈≈≈≈≈~~~~~~~~~~~~~≈≈≈
≈≈≈≈≈≈≈≈≈≈≈≈~~@~~~~≈≈≈
≈≈≈≈≈≈≈≈≈≈≈≈≈≈m≈≈≈≈≈≈
≈≈≈≈≈≈≈≈≈≈≈≈≈≈≈≈W
≈≈≈≈≈≈≈≈≈≈≈≈≈≈≈W
≈≈≈≈≈≈≈≈≈≈≈≈≈≈≈≈
≈≈≈≈≈≈≈≈≈≈≈≈≈≈≈
≈≈≈≈≈≈≈≈≈≈≈≈≈≈≈
≈≈≈≈≈≈≈≈≈≈≈≈≈≈≈


You could see a merfolk avatar (mesmerising) and 3 drowned souls.

Vanquished Creatures
  2 krakens (Shoals:1)
  Gastronok (Lair:1)
  Kirke (D:13)
  A nagaraja (Snake:2)
  A juggernaut zombie (D:15)
  An orc warlord (Orc:1)
  The ghost of LavenderCorpse the Impaler, a journeyman MfGl of Ashenzari (Lair:3)
  A merfolk impaler (Shoals:2)
  A merfolk javelineer (Shoals:1)
  A great orb of eyes (D:12)
  Harold (Orc:1)
  Josephine (D:13)
  8 vault guards (D:13)
  A salamander tyrant (Snake:2)
  4 hydras
  A rakshasa (D:14)
  A catoblepas (Lair:3)
  2 anacondas (Snake:2)
  Erolcha (D:12)
  A merfolk avatar (Shoals:1)
  An alligator snapping turtle (Shoals:1)
  3 ogre magi
  11 two-headed ogres
  A boulder beetle (D:12)
  7 naga warriors
  4 centaur warriors
  An orc high priest (Orc:2)
  3 death yaks (Lair:5)
  A hell knight (Volcano)
  A vampire mage (D:15)
  Urug (D:10)
  Nergalle (Lair:2)
  4 shock serpents (Snake:1)
  Sonja (D:10)
  8 naga sharpshooters
  An iron troll (Orc:2)
  3 salamander mystics
  3 skysharks
  5 skeletal warriors (D:15)
  Lodul (D:10)
  5 sea snakes
  A deep troll (Orc:1)
  A naga ritualist (Snake:2)
  A tengu zombie (D:15)
  A lindwurm (Lair:5)
  A wolf spider zombie (D:15)
  9 harpies
  A necromancer (D:15)
  20 ugly things
  4 orc knights
  6 deep elf pyromancers
  5 mana vipers
  8 manticores
  8 fauns
  6 cyclopes
  12 salamanders
  5 elephants (Lair:3)
  4 merfolk sirens
  6 centaur zombies (D:15)
  5 guardian serpents
  6 naga magi
  10 cane toads
  2 ice statues (IceCv)
  A water nymph (Shoals:1)
  21 black mambas
  A torpor snail (Lair:3)
  A gargoyle (D:11)
  3 rime drakes
  2 freezing wraiths (D:14)
  A kobold demonologist (D:14)
  A cane toad (shapeshifter) (D:13)
  2 efreet
  3 unseen horrors (D:13)
  2 yaktaurs
  A tengu conjurer (D:14)
  2 ice devils (D:13)
  13 komodo dragons
  A redback zombie (D:15)
  9 trolls
  A harpy zombie (D:15)
  4 merfolk
  7 polar bears
  6 hornets
  A wind drake (Lair:3)
  A spriggan zombie (D:15)
  3 dream sheep (Lair:5)
  3 snapping turtles
  14 blink frogs
  An ettin skeleton (D:15)
  Eustachio (D:6)
  2 shadows
  A jumping spider (shapeshifter) (D:14)
  2 water elementals
  13 slime creatures
  13 spriggans
  11 wyverns
  4 hogs (D:13)
  6 wraiths
  A vampire (D:12)
  61 yaks
  5 basilisks
  A death yak simulacrum (IceCv)
  A vampire mosquito (D:13)
  3 humans (D:13)
  6 wargs
  3 acid dragons
  23 nagas
  15 water moccasins
  16 orc warriors
  2 black bears (Lair:5)
  7 ice beasts
  34 ogres
  24 wolves
  8 centaurs
  4 boggarts (Lair:5)
  A phantom (D:5)
  A kobold brigand (D:9)
  Blork the orc (D:6)
  5 bullfrogs
  4 gnoll sergeants
  7 scorpions
  9 wights
  11 killer bees
  3 elephant simulacra (IceCv)
  5 electric eels
  8 howler monkeys
  2 hounds
  13 orc priests
  A boggart zombie (D:15)
  4 gnoll boudas
  9 iguanas
  16 orc wizards
  38 gnolls
  7 adders
  3 shadow imps
  3 white imps
  2 ufetubi (D:5)
  2 worms (D:2)
  3 dart slugs
  78 orcs
  7 ball pythons
  8 bats
  6 endoplasms
  A giant cockroach (D:2)
  5 goblins
  10 hobgoblins
  3 quokkas
  8 frilled lizards
  17 kobolds
  4 rats
  3 tentacles (Shoals:1)
900 creatures vanquished.

Vanquished Creatures (others)
  Aizul (Snake:1)
  A tengu conjurer (D:13)
  An orc wizard (D:15)
  15 tentacles (Shoals:1)
18 creatures vanquished.

Grand Total: 918 creatures vanquished

Notes
Turn   | Place    | Note
-------+----------+-------------------------------------------
     0 | D:1      | Peloso the Minotaur Fighter began the quest for the Orb.
     0 | D:1      | Reached XP level 1. HP: 19/19 MP: 0/0
   348 | D:1      | Reached XP level 2. HP: 25/27 MP: 1/1
  1011 | D:2      | Reached skill level 3 in Long Blades
  1166 | D:2      | Reached XP level 3. HP: 33/33 MP: 2/2
  1295 | D:2      | Found a faded altar of an unknown god.
  1439 | D:2      | Identified the +3 sling "Spiderbane" {heavy, Fly rF- rC+
                  | Dex+2}
  1773 | D:2      | Gained mutation: You are agile. (Dex +4, Str/Int -1)
                  | [potion of mutation]
  1868 | D:3      | Reached XP level 4. HP: 41/41 MP: 3/3
  1886 | D:3      | Reached skill level 4 in Long Blades
  2127 | D:3      | Reached XP level 5. HP: 39/47 MP: 4/4
  2405 | D:3      | Noticed an ice beast
  2407 | D:3      | Killed an ice beast
  2408 | D:3      | Reached skill level 5 in Long Blades
  2408 | D:3      | Reached skill level 5 in Armour
  2568 | D:4      | Reached XP level 6. HP: 47/53 MP: 5/5
  2581 | D:4      | Reached skill level 1 in Dodging
  2951 | D:4      | Found a staircase to the Ecumenical Temple.
  2958 | Temple   | Entered the Ecumenical Temple
  3034 | Temple   | Became a worshipper of Warmaster Okawaru
  3208 | D:5      | Entered Level 5 of the Dungeon
  3235 | D:5      | Reached skill level 6 in Long Blades
  3255 | D:5      | Noticed an ice beast
  3262 | D:5      | Killed an ice beast
  3299 | D:5      | Reached XP level 7. HP: 20/60 MP: 6/6
  3350 | D:5      | Reached * piety under Okawaru
  3351 | D:5      | Reached skill level 5 in Fighting
  3447 | D:5      | Reached skill level 7 in Long Blades
  4064 | D:5      | Reached skill level 5 in Shields
  4122 | D:5      | Reached XP level 8. HP: 34/70 MP: 7/7
  4321 | D:5      | Reached ** piety under Okawaru
  4420 | D:6      | Noticed Eustachio
  4431 | D:6      | Reached skill level 8 in Long Blades
  4445 | D:6      | Killed Eustachio
  4526 | D:6      | Noticed Blork the orc
  4533 | D:6      | Killed Blork the orc
  4848 | D:6      | Reached *** piety under Okawaru
  5071 | D:7      | Reached skill level 9 in Long Blades
  5174 | D:7      | Reached XP level 9. HP: 54/78 MP: 8/8
  5784 | D:7      | Reached **** piety under Okawaru
  6192 | D:8      | Reached skill level 10 in Long Blades
  6522 | D:8      | Found a sacrificial altar of Ru.
  7065 | D:9      | Reached ***** piety under Okawaru
  7202 | D:9      | Reached XP level 10. HP: 88/88 MP: 9/9
  7358 | D:9      | Found Cuveguf's Distillery.
  7379 | D:9      | Bought a potion of degeneration for 15 gold pieces
  7438 | D:9      | Reached skill level 11 in Long Blades
  7606 | D:9      | Received a gift from Okawaru
  7661 | D:9      | Found a sparkling altar of Nemelex Xobeh.
  7661 | D:9      | Found a hazy altar of Hepliaklqana.
  7738 | D:10     | Entered Level 10 of the Dungeon
  7828 | D:10     | Noticed Lodul
  7831 | D:10     | Noticed Urug
  7857 | D:10     | Reached skill level 10 in Armour
  7939 | D:10     | Killed Lodul
  7939 | D:10     | Received a gift from Okawaru
  7940 | D:10     | Reached skill level 12 in Long Blades
  8095 | D:10     | Found Kinixt's Weapon Boutique.
  8095 | D:10     | Found a staircase to the Orcish Mines.
  8168 | D:10     | Killed Urug
  8169 | D:10     | Reached XP level 11. HP: 95/95 MP: 7/10
  8310 | D:10     | Found an ornate altar of the Wu Jian Council.
  8430 | D:10     | Reached skill level 13 in Long Blades
  8572 | D:11     | Found a staircase to the Lair.
  8608 | D:11     | Received a gift from Okawaru
  8679 | D:11     | Noticed Sonja
  8789 | D:10     | Killed Sonja
  8853 | D:11     | Reached skill level 14 in Long Blades
  9135 | D:11     | Found a portal to a secret trove of treasure.
  9202 | D:12     | Noticed Erolcha
  9244 | Lair:1   | Entered Level 1 of the Lair of Beasts
  9388 | Lair:1   | Reached skill level 10 in Shields
  9548 | Lair:1   | Noticed a spriggan rider
  9650 | Lair:1   | Reached skill level 1 in Invocations
  9658 | Lair:1   | Reached skill level 10 in Fighting
  9658 | Lair:1   | Reached XP level 12. HP: 102/106 MP: 11/11
  9921 | Lair:1   | Reached skill level 15 in Long Blades
 10315 | Lair:2   | Noticed Gastronok
 10316 | Lair:2   | Noticed Nergalle
 10330 | Lair:1   | Killed Gastronok
 10642 | Lair:2   | Killed Nergalle
 10642 | Lair:2   | Received a gift from Okawaru
 10792 | Lair:2   | Reached skill level 1 in Stealth
 10978 | Lair:2   | Found a staircase to the Snake Pit.
 11527 | Lair:3   | Reached skill level 16 in Long Blades
 11631 | Lair:3   | Got the Disquisition on the Hot Throng
 11633 | Lair:3   | Found a runed translucent door.
 11634 | Lair:3   | Noticed LavenderCorpse's ghost (journeyman MfGl)
 11687 | Lair:3   | Noticed a catoblepas
 11740 | Lair:3   | Killed a catoblepas
 11772 | Lair:3   | Reached XP level 13. HP: 80/116 MP: 13/13
 11840 | Lair:3   | Found a staircase to the Shoals.
 12096 | Lair:3   | Reached ****** piety under Okawaru
 12141 | Lair:3   | Received a gift from Okawaru
 12699 | D:12     | Identified the +0 whip "Madog" {heavy, Fly rPois Dex-3
                  | Stlth+}
 13012 | D:12     | Identified the +2 whip "Qaedas" {drain, rPois}
 13122 | D:12     | Got the Excursus on the Winter
 13186 | D:12     | Killed Erolcha
 13563 | Orc:1    | Entered Level 1 of the Orcish Mines
 13770 | Orc:2    | Entered Level 2 of the Orcish Mines
 13842 | Orc:2    | Found a dark tunnel.
 13861 | Volcano  | Entered a volcano
 13881 | Volcano  | Found a burning altar of Makhleb.
 13928 | Volcano  | Reached skill level 17 in Long Blades
 14236 | Orc:2    | Found a staircase to the Elven Halls.
 14237 | Orc:2    | Found Tapicaaph's General Store.
 14405 | Orc:1    | Identified the +0 hat of Egececk {rN+ Str+2} (Okawaru
                  | gifted it to you on level 1 of the Orcish Mines)
 14405 | Orc:1    | Received a gift from Okawaru
 14488 | Orc:1    | Reached skill level 15 in Armour
 14538 | Orc:1    | Reached XP level 14. HP: 92/129 MP: 14/14
 14577 | Orc:2    | Noticed an orc warlord
 14600 | Orc:1    | Killed an orc warlord
 15123 | Orc:2    | Paralysed by an ogre mage for 5 turns
 15363 | Orc:2    | Found Ysomoy's Magic Scroll Shop.
 15363 | Orc:2    | Found Wethry's Book Emporium.
 15384 | Orc:2    | Found Moivveunn's Antique Weapon Boutique.
 15390 | Orc:2    | Found Amnisiwi's Antique Armour Shop.
 15438 | Orc:2    | Bought a pair of ichor-stained gloves for 342 gold pieces
 15438 | Orc:2    | Identified the +0 pair of gloves of the Sun {rN+} (You
                  | bought it in a shop on level 2 of the Orcish Mines)
 15442 | Orc:2    | Bought a heavily runed plate armour for 1008 gold pieces
 15442 | Orc:2    | Identified the +6 plate armour "Kebbayga" {-Tele Harm +Inv
                  | Dex+5} (You bought it in a shop on level 2 of the Orcish
                  | Mines)
 15976 | Orc:1    | Noticed Harold
 16116 | Orc:1    | Killed Harold
 16331 | D:13     | Noticed Kirke
 16359 | D:13     | Killed Kirke
 16437 | D:13     | Found a gate to the Vaults.
 16459 | D:13     | Found a frozen archway.
 16485 | IceCv    | Entered an ice cave
 16507 | IceCv    | Found a transporter.
 16529 | IceCv    | Reached XP level 15. HP: 92/139 MP: 14/16
 17547 | IceCv    | Found a transporter.
 17693 | D:13     | Reached skill level 18 in Long Blades
 19207 | Lair:4   | Received a gift from Okawaru
 19217 | Lair:4   | Found a staircase to the Slime Pits.
 19217 | Lair:4   | Found a viscous altar of Jiyva.
 19351 | Lair:4   | Reached skill level 15 in Fighting
 19722 | Orc:2    | Bought a scorched plate armour for 1008 gold pieces
 19722 | Orc:2    | Identified the +12 plate armour of the Blue God {Str+2}
                  | (You bought it in a shop on level 2 of the Orcish Mines)
 19912 | Lair:5   | Entered Level 5 of the Lair of Beasts
 19965 | Lair:5   | Received a gift from Okawaru
 19990 | Lair:5   | Reached XP level 16. HP: 149/149 MP: 17/17
 20133 | Lair:5   | Reached skill level 15 in Shields
 20650 | Lair:5   | Identified the +8 dagger "Puheinet" {venom, Drain rF+
                  | Dex+6}
 20725 | Lair:5   | Identified the +9 rapier of Desertification {flame, rF+}
 20931 | Lair:5   | Identified the +0 falchion of Debesuah {spect, +Blink MP+9
                  | Int+2} (Okawaru gifted it to you on level 5 of the Lair of
                  | Beasts)
 20931 | Lair:5   | Received a gift from Okawaru
 21663 | D:14     | Noticed Josephine
 21689 | D:13     | Killed Josephine
 21938 | D:14     | Reached skill level 19 in Long Blades
 22172 | D:14     | You fall into a shaft and drop 1 floor!
 22172 | D:15     | Entered Level 15 of the Dungeon
 22247 | D:15     | Found a hazy altar of Hepliaklqana.
 22312 | D:15     | Found a staircase to the Depths.
 22323 | D:15     | Identified the +0 hat of Music {rC+} (Okawaru gifted it to
                  | you on level 15 of the Dungeon)
 22323 | D:15     | Received a gift from Okawaru
 23107 | D:15     | Reached skill level 5 in Dodging
 23544 | Snake:1  | Entered Level 1 of the Snake Pit
 23565 | Snake:1  | Noticed Aizul
 23589 | Snake:1  | Killed Aizul
 23962 | Snake:1  | Reached XP level 17. HP: 154/160 MP: 18/18
 24025 | Lair:3   | Killed LavenderCorpse's ghost
 24061 | Shoals:1 | Entered Level 1 of the Shoals
 24371 | Shoals:1 | Noticed a kraken
 24392 | Shoals:1 | Killed a kraken
 24418 | Shoals:1 | Noticed a kraken
 24645 | Shoals:1 | Killed a kraken
 24675 | Shoals:1 | Received a gift from Okawaru
 25988 | Snake:1  | Reached skill level 20 in Long Blades
 26636 | Snake:2  | Identified the +4 ring mail of the Endless Hosts {MP+9
                  | Str+3} (Okawaru gifted it to you on level 2 of the Snake
                  | Pit)
 26636 | Snake:2  | Received a gift from Okawaru
 27019 | Snake:2  | Found a hide-covered altar of Uskayaw.
 27987 | Shoals:2 | Drowned by a drowned soul

Illustrated notes

Levels and vault maps discovered:
D:1:      dpeg_arrival_tiny_a, layout_loops_ring, minmay_octomino_c4
D:2:      minmay_skewed_foursquare, layout_loops_ring,
          ebering_ecumenical_altar_rust
D:3:      layout_basic, minmay_mini_jars
D:4:      layout_basic, minmay_temple_entry_enclosed_plants, minivault_25
D:5:      layout_basic, st_stairs_12
D:6:      layout_cave_pools, nrook_campfire, uniq_blork_the_orc, uniq_eustachio
D:7:      layout_loops_ring, dreamdust_gnoll_farm
D:8:      layout_gridville, mainiacjoe_overflow_alcove_2, dk_vineyard_2
D:9:      layout_roguey, gammafunk_temple_overflow_statue, serial_shops, shop,
          minmay_crystal_water
D:10:     layout_rooms, nicolae_wu_jian_immortal_techniques, orc_david_3,
          uniq_lodul, uniq_urug
D:11:     layout_rooms, minmay_lair_entry_grove, nicolae_trove_entry_columns,
          uniq_sonja
D:12:     layout_roguey, corexii_leaking_fountain,
          minmay_the_grid_square_5x5_3x3_mashed
          [minmay_the_grid_square_5x5_tri_point,
          minmay_the_grid_square_5x5_n_small, minmay_the_grid_square_5x5_seven,
          minmay_the_grid_square_5x5_one_wall,
          minmay_the_grid_square_5x5_megaprize_diamond,
          minmay_the_grid_square_5x5_doubleslash,
          minmay_the_grid_square_5x5_percent,
          minmay_the_grid_square_5x5_minibox,
          minmay_the_grid_square_5x5_eight_small], uniq_erolcha
D:13:     layout_basic, erik_vaults_2, serial_ice, serial_ice_n, serial_ice_k,
          serial_ice_c, serial_ice_e, portal_ice_cave_demonic_guard,
          kennysheep_generic_room_7, uniq_kirke
D:14:     layout_big_octagon, serial_bayou_pond_c, uniq_josephine
D:15:     gammafunk_depths_entry_grave, layout_loops_corners, lemuel_tele_altar,
          serial_undead, serial_undead_a, serial_undead_f, serial_undead_d,
          serial_undead_c, serial_undead_d, serial_undead_b, serial_undead_c,
          chequers_serial_rivers_micro_a
Temple:   dpeg_five_rooms_temple
Lair:1:   layout_cave_pods, grunt_forest_large_clearings
Lair:2:   layout_cave_pods, minmay_snake_entry_guardpost_small, uniq_nergalle,
          uniq_gastronok
Lair:3:   layout_regular_city, minmay_shoals_entry_beasts,
          gammafunk_ghost_grave, beast_lair_carwin_7, lemuel_fruit_fields
Lair:4:   layout_loops_ring, slime_entry_1
Lair:5:   minmay_lair_end_enchanted_forest, layout_hall_layers,
          serial_bayou_shore_a
Shoals:1: layout_shoals, nicolae_shoals_siren_and_animal_friends
Shoals:2: layout_shoals, nicolae_island_escapes, uniq_ilsuiw, uniq_donald
Snake:1:  layout_grid_maze, nicolae_coiled_stairwell_down, uniq_aizul
Snake:2:  layout_gridlike, basic_altar
Orc:1:    layout_caves, uniq_harold
Orc:2:    st_orc_open, layout_caves, nicolae_volcano_entry_s_turn, serial_shops,
          nicolae_lakefront_shop

Skill      XL: |  1  2  3  4  5  6  7  8  9 10 11 12 13 14 15 16 17 |
---------------+----------------------------------------------------+-----
Fighting       | 4 5 6 8 10 11 13 14 15 16 18 | 18.3
Armour         | 4 5 6 8 9 11 12 13 15 16 17 | 17.7
Long Blades    | 3 4 5 6 7 9 10 12 14 16 17 18 19 20 | 20.5
Shields        | 4 5 6 7 8 10 12 14 16 18 | 18.7
Dodging        | 1 2 3 4 5 |  5.1
Invocations    | 1 2 3 |  3.4
Stealth        | 1 2 3 |  3.2
Evocations     | 2 |  2.3

Action                     |  1- 3 |  4- 6 |  7- 9 | 10-12 | 13-15 | 16-18 || total
---------------------------+-------+-------+-------+-------+-------+-------++-------
  Melee: Long sword        |   108 |   128 |   233 |   122 |       |       ||   591
         Headbutt          |    14 |    15 |    39 |   162 |   253 |   403 ||   886
         Punch             |     1 |       |       |       |       |       ||     1
         Double sword      |       |       |       |   452 |   892 |  1424 ||  2768
         Scimitar          |       |       |       |       |     7 |    22 ||    29
 Invoke: Heroism           |       |       |       |     8 |    14 |     9 ||    31
  Evoke: Wand              |       |       |       |     2 |     5 |     6 ||    13
    Use: Potion            |     5 |       |       |     2 |     5 |     5 ||    17
         Scroll            |     2 |     3 |     1 |     4 |    14 |     4 ||    28
   Stab: Petrified         |       |       |       |     4 |       |       ||     4
         Distracted        |       |       |       |       |     1 |       ||     1
 Armour: Scale mail        |    29 |       |       |       |       |       ||    29
         Chain mail        |    39 |   101 |   105 |       |       |       ||   245
         Plate armour      |       |       |   103 |   300 |   533 |   789 ||  1725
  Dodge: Dodged            |    47 |    66 |   153 |   198 |   330 |   412 ||  1206
  Block: Buckler           |     1 |    35 |   131 |   238 |   386 |       ||   791
         Kite shield       |       |       |       |       |   120 |  1062 ||  1182
